 Dungeon Crawl Stone Soup version 0.22-a0-268-g1cc83efe17 (webtiles) character file.

0 Manul the Ducker (level 1, -3/11 HPs)
             Began as a Spriggan Abyssal Knight on Mar 9, 2018.
             Was a Follower of Lugonu.
             Slain by a tentacled starspawn (10 damage)
             ... on level 2 of the Abyss.
             The game lasted 00:00:36 (163 turns).

Manul the Ducker (Spriggan Abyssal Knight)           Turns: 163, Time: 00:00:37

Health: -3/11      AC:  3    Str:  8    XL:     1   Next: 0%
Magic:  3/3        EV: 18    Int: 13    God:    Lugonu [*.....]
Gold:   0          SH:  0    Dex: 15    Spells: 0/0 levels left

rFire    . . .     SeeInvis +   a - +1 short sword
rCold    . . .     Gourm    .   (shield restricted)
rNeg     . . .     Faith    .   b - +1 robe
rPois    .         Spirit   .   (helmet restricted)
rElec    .         Reflect  .   (no cloak)
rCorr    .         Harm     .   (gloves unavailable)
MR       .....                  (boots unavailable)
Stlth    +.........             (no amulet)
HPRegen  0.03/turn              (no ring)
MPRegen  0.08/turn              (no ring)

@: very quick
A: very small, unfitting armour, see invisible, herbivore, speed 3, slow
metabolism 2
a: Depart the Abyss, Renounce Religion


You were on level 2 of the Abyss.
You worshipped Lugonu.
Lugonu was aware of your devotion.
You were not hungry.

You visited 0 branches of the dungeon, and saw 0 of its levels.
You visited the Abyss 1 time.

Inventory:

Hand Weapons
 a - a +1 short sword (weapon)
Armour
 b - a +1 robe (worn)
Potions
 e - a potion of haste {unknown}
Comestibles
 c - a ration


   Skills:
 + Level 2.4 Fighting
 + Level 2.1 Short Blades
 + Level 3.5 Dodging
 + Level 1.7 Invocations


You couldn't memorise any spells.
You didn't know any spells.

Dungeon Overview and Level Annotations

Branches:
Dungeon (0/15)

Altars:


Innate Abilities, Weirdness & Mutations

You are very small and have problems with some larger weapons.
You are too small for most types of armour.
You have supernaturally acute eyesight. (SInv)
You are a herbivore.
You cover ground extremely quickly.
You need to consume almost no food.


Message History

Found a corrupted altar of Lugonu.
A large abomination comes into view.
You see here a book of Clouds.
You pick up a book of Clouds and begin reading...
You add the spells Poisonous Vapours, Mephitic Cloud, Conjure Flame, Freezing Cloud and Ring of Flames to your library.
As you read the scroll labeled BYL BAUTOIWO, it crumbles to dust.
It is a scroll of enchant armour.
Your +0 robe glows green for a moment.
d - a scroll labeled UZXUIW YVOSCH
As you read the scroll labeled UZXUIW YVOSCH, it crumbles to dust.
You speak a Word of immense power!
It was a scroll of holy word.
Unknown command.
A tentacled starspawn comes into view.
A tentacled starspawn is nearby!
Tentacles burst from the starspawn's body! 2 starspawn tentacles come into view.
You hit the tentacled starspawn but do no damage.
The tentacled starspawn bites you. The tentacled starspawn engulfs you!
Ouch! That really hurt!
You die...

### ##.# #..##
###.# ##@#
#X## ###.####
.. . #.# #≈##
#.###...Xw≈≈.#
# #.
..##.###≈≈#
#..#... #. # #
##.####.#. # #
. . # ##.. #


You could see a tentacled starspawn.

Vanquished Creatures (others)
  7 starspawn tentacles
7 creatures vanquished.

Notes
Turn   | Place    | Note
-------+----------+-------------------------------------------
     0 | Abyss:1  | Manul the Spriggan Abyssal Knight began the quest for the Orb.
     0 | Abyss:1  | Reached XP level 1. HP: 11/11 MP: 3/3
    31 | Abyss:1  | Noticed a raiju
    77 | Abyss:1  | Noticed a tentacled starspawn
    99 | Abyss:2  | Found a corrupted altar of Lugonu.
   102 | Abyss:2  | Noticed a large abomination
   152 | Abyss:2  | Noticed a tentacled starspawn
   163 | Abyss:2  | Slain by a tentacled starspawn

Vault maps used:
Abyss:2:  minivault_27, evilmike_abyss_exit_mutagenic

Action                   || total
-------------------------++-------
Melee: Short sword       ||     1
  Use: Scroll            ||     2
Dodge: Dodged            ||     2

Table legend:
 A = Spawn XP
 B = Non-spawn XP
 C = Spawn XP percentage of total XP
 D = Spawn monster count
 E = Non-spawn monster count
 F = Spawn count percentage of total count
 G = Total turns spent on level
                    A         B        C        D         E        F      G
               +---------+---------+-------+---------+---------+-------+---------
         Total |       0 |       0 |   N/A |       0 |       0 |   N/A |   163
               +---------+---------+-------+---------+---------+-------+---------
               +---------+---------+-------+---------+---------+-------+---------
